Map: Frost LE

Players

MaNa

  • Race: Protoss Protoss

Has - Winner!

  • Race: Protoss Protoss

Event: 2016 WCS Summer Circuit Championship (DH Montreal)

VOD

https://youtu.be/ekxPk4Qq2qE?t=15m31s

Description

Time

  • Played on: Aug. 12, 2016, 11:48 a.m.
  • Length: 9:28

All games in this series

Show
View Real Time Build Order
Export as new Build Order

MaNa Protoss 

Build Orders:  

Get SALT Encoding   

  12  0:00  Probe (Chrono Boost)  
  13  0:11  Probe (Chrono Boost)  
  14  0:17  Pylon  
  14  0:22  Probe (Chrono Boost)  
  16  0:35  Probe (Chrono Boost)  
  16  0:37  Gateway  
  16  0:46  Probe (Chrono Boost)  
  16  0:47  Assimilator  
  17  0:56  Probe (Chrono Boost)  
  18  0:58  Assimilator  
  18  1:05  Gateway  
  18  1:07  Probe (Chrono Boost)  
  19  1:18  Probe (Chrono Boost)  
  20  1:24  Cybernetics Core  
  20  1:28  Probe (Chrono Boost)  
  20  1:31  Pylon  
  21  1:39  Probe (Chrono Boost)  
  22  1:49  Probe (Chrono Boost)  
  23  2:00  Warp Gate  
  23  2:01  Mothership Core (Chrono Boost)  
  29  2:14  Stalker  
  27  2:22  Nexus  
  27  2:27  Stalker  
  27  2:36  Probe (Chrono Boost)  
  30  2:41  Pylon  
  30  2:48  Probe (Chrono Boost)  
  31  2:58  Stalker  
  31  3:01  Stalker  
  36  3:06  Probe (Chrono Boost)  
  35  3:18  Robotics Facility  
  35  3:21  Probe (Chrono Boost)  
  36  3:31  Probe (Chrono Boost)  
  36  3:34  Sentry x2  
  41  3:35  Probe (Chrono Boost)  
  42  3:42  Probe (Chrono Boost)  
  42  3:48  Probe (Chrono Boost)  
  44  3:52  Probe (Chrono Boost)  
  43  3:58  Probe (Chrono Boost)  
  43  4:02  Gateway  
  44  4:03  Probe (Chrono Boost)  
  44  4:05  Warp Prism  
  44  4:09  Probe (Chrono Boost)  
  48  4:13  Probe (Chrono Boost)  
  48  4:14  Sentry x2  
  53  4:18  Pylon  
  53  4:22  Probe (Chrono Boost)  
  53  4:33  Probe (Chrono Boost)  
  53  4:40  Probe (Chrono Boost)  
  53  4:41  Immortal  
  53  4:44  Probe (Chrono Boost)  
  58  4:46  Adept x2  
  58  4:51  Pylon  
  62  4:57  Pylon  
  62  5:10  Mothership Core (Chrono Boost)  
  64  5:19  Adept x3  
  71  5:22  Probe (Chrono Boost)  
  71  5:28  Probe (Chrono Boost)  
  72  5:30  Immortal  
  72  5:35  Probe (Chrono Boost)  
  77  5:38  Assimilator  
  77  5:39  Probe (Chrono Boost), Assimilator  
  78  5:43  Pylon  
  78  5:47  Pylon  
  78  5:57  Pylon  
  78  5:59  Twilight Council  
  72  6:05  Warp Prism  
  66  6:17  Adept  
  66  6:18  Adept x2  
  72  6:22  Resonating Glaives  
  72  6:33  Gateway  
  72  6:35  Probe (Chrono Boost), Gateway  
  72  6:36  Probe (Chrono Boost)  
  72  6:37  Gateway  
  72  6:39  Adept  
  76  6:40  Adept x2  
  78  7:02  Probe (Chrono Boost)  
  78  7:04  Probe (Chrono Boost)  
  80  7:12  Adept x3  
  80  7:15  Probe (Chrono Boost), Immortal  
  81  7:27  Pylon  
  81  7:30  Pylon  
  81  7:38  Adept x3  
  81  7:39  Adept, Pylon  
  81  7:41  Pylon  
  89  7:48  Probe x2 (Chrono Boost)  
  91  8:02  Adept  
  91  8:03  Adept x4  
  99  8:06  Warp Prism  
  101  8:16  Mothership Core (Chrono Boost)  
  103  8:23  Sentry x2  
  103  8:24  Sentry x4  
  111  8:37  Immortal  
  109  8:49  Adept x2  
  94  9:03  Stalker x2  
  72  9:16  Adept x2  
Show
View Real Time Build Order
Export as new Build Order

Has Protoss - Winner!

Build Orders: Blink Stalkers 

Get SALT Encoding   

  12  0:00  Probe (Chrono Boost)  
  13  0:11  Probe (Chrono Boost)  
  14  0:17  Pylon  
  14  0:22  Probe (Chrono Boost)  
  15  0:35  Probe (Chrono Boost)  
  16  0:36  Gateway  
  16  0:45  Probe (Chrono Boost)  
  16  0:49  Assimilator  
  17  0:53  Assimilator  
  17  0:56  Probe (Chrono Boost)  
  18  1:04  Gateway  
  18  1:07  Probe (Chrono Boost)  
  19  1:18  Probe (Chrono Boost)  
  20  1:25  Cybernetics Core  
  20  1:28  Probe (Chrono Boost)  
  21  1:39  Probe (Chrono Boost)  
  22  1:49  Probe (Chrono Boost)  
  22  1:51  Warp Gate  
  23  1:59  Pylon  
  23  2:15  Nexus  
  25  2:23  Mothership Core (Chrono Boost)  
  25  2:30  Stalker  
  27  2:39  Stalker  
  30  2:45  Probe (Chrono Boost)  
  30  2:50  Pylon  
  29  2:57  Probe (Chrono Boost)  
  30  3:09  Probe (Chrono Boost)  
  31  3:18  Twilight Council  
  32  3:21  Probe (Chrono Boost)  
  32  3:23  Adept x2  
  36  3:30  Probe (Chrono Boost)  
  36  3:33  Probe (Chrono Boost)  
  38  3:36  Pylon  
  39  3:43  Probe (Chrono Boost)  
  39  3:45  Probe (Chrono Boost)  
  39  3:47  Blink  
  41  4:00  Robotics Facility  
  40  4:03  Probe (Chrono Boost)  
  40  4:08  Probe (Chrono Boost)  
  42  4:14  Probe (Chrono Boost)  
  42  4:15  Pylon  
  42  4:17  Sentry x2  
  45  4:21  Probe (Chrono Boost)  
  48  4:24  Probe (Chrono Boost)  
  50  4:33  Probe (Chrono Boost)  
  50  4:37  Probe (Chrono Boost)  
  49  4:43  Stalker x2  
  49  4:45  Probe (Chrono Boost)  
  52  4:49  Gateway  
  52  4:50  Gateway  
  52  4:51  Observer  
  52  4:56  Probe (Chrono Boost)  
  52  4:57  Probe (Chrono Boost)  
  55  5:03  Assimilator  
  55  5:06  Probe (Chrono Boost)  
  56  5:09  Pylon  
  53  5:17  Probe (Chrono Boost)  
  53  5:18  Nexus  
  53  5:19  Observer  
  53  5:21  Probe (Chrono Boost)  
  55  5:27  Probe (Chrono Boost)  
  55  5:35  Stalker  
  55  5:36  Stalker  
  55  5:41  Pylon  
  59  5:42  Pylon  
  59  5:44  Pylon  
  59  5:46  Probe (Chrono Boost)  
  59  5:48  Probe (Chrono Boost)  
  61  5:58  Stalker x3  
  61  5:59  Stalker  
  63  6:15  Probe (Chrono Boost)  
  63  6:16  Probe (Chrono Boost)  
  63  6:21  Stalker  
  63  6:22  Stalker x3  
  71  6:36  Gateway  
  71  6:37  Gateway  
  71  6:40  Resonating Glaives  
  71  6:51  Probe (Chrono Boost)  
  71  6:52  Nexus  
  71  6:53  Pylon  
  73  7:00  Adept x3  
  73  7:01  Adept  
  80  7:04  Assimilator  
  80  7:05  Assimilator  
  79  7:11  Probe (Chrono Boost)  
  79  7:13  Probe (Chrono Boost)  
  77  7:22  Probe (Chrono Boost)  
  73  7:25  Probe (Chrono Boost)  
  73  7:27  Adept x4  
  82  7:36  Immortal  
  84  7:37  Probe (Chrono Boost)  
  84  7:38  Probe (Chrono Boost)  
  88  7:49  Probe (Chrono Boost)  
  88  8:05  Probe (Chrono Boost)  
  88  8:11  Immortal  
  82  8:14  Adept x6  
  82  8:19  Probe x3 (Chrono Boost)  
  99  8:42  Adept  
  99  8:43  Adept x5  
  105  9:04  Adept x6  
Tags
 
Add a new tag
Caveats
  • Supply blocks, unpowered buildings, or Contaminate may cause inaccurate times.
  • Supply counts are checked every 10 seconds.